Map: [ESL] Alcyone

Players

SHIN

  • Race: Zerg Zerg
  • Spawn Location: 7:00

Cure - Winner!

  • Race: Terran Terran
  • Spawn Location: 1:00

Event: ESL Spring 2024 Finals

VOD

Have the link to the VOD?

Description

Time

  • Played on: June 1, 2024, 3:08 p.m.
  • Length: 16:06

All games in this series

Show
View Real Time Build Order
Export as new Build Order

SHIN Zerg 

Build Orders: Hatch First 

Get SALT Encoding   

  12  0:00  Drone  
  13  0:08  Drone  
  14  0:16  Overlord  
  14  0:35  Drone x2  
  16  0:46  Hatchery  
  15  0:51  Drone  
  15  0:54  Drone  
  17  0:58  Drone  
  18  1:08  Extractor  
  17  1:13  Spawning Pool  
  17  1:15  Drone  
  17  1:19  Drone  
  18  1:29  Drone  
  19  1:39  Drone  
  20  1:50  Drone  
  21  1:59  Queen x2  
  21  2:00  Zergling x2  
  27  2:01  Zergling x2  
  27  2:12  Overlord  
  27  2:13  Drone  
  28  2:32  Drone x3  
  28  2:33  Drone  
  28  2:35  Queen  
  33  2:40  Queen  
  33  2:41  Overlord  
  35  3:01  Drone x3  
  35  3:03  Drone, Hatchery  
  38  3:07  Drone  
  38  3:09  Overlord  
  38  3:11  Drone  
  38  3:12  Drone  
  41  3:15  Drone  
  41  3:17  Drone  
  43  3:26  Overlord  
  43  3:27  Queen  
  45  3:36  Roach Warren  
  45  3:37  Drone x4  
  45  3:40  Queen  
  50  3:47  Drone x4  
  54  3:50  Drone x2  
  54  3:51  Extractor  
  54  3:53  Overlord  
  55  3:57  Overlord  
  55  3:59  Drone  
  56  4:04  Queen  
  58  4:16  Overlord  
  58  4:20  Roach x5  
  58  4:21  Roach  
  58  4:23  Roach  
  72  4:26  Drone x2  
  74  4:34  Overlord  
  74  4:35  Drone x3  
  74  4:37  Drone x2  
  79  4:42  Lair  
  79  4:48  Spore Crawler  
  79  4:49  Spore Crawler x2  
  79  4:51  Drone x3  
  79  4:54  Drone x2  
  79  4:56  Drone x2  
  79  4:58  Drone  
  85  5:00  Drone  
  85  5:01  Drone  
  85  5:03  Drone  
  85  5:05  Extractor  
  87  5:07  Drone  
  87  5:08  Drone  
  87  5:13  Drone x4  
  92  5:16  Drone, Evolution Chamber  
  92  5:17  Evolution Chamber  
  92  5:20  Extractor  
  88  5:23  Hatchery  
  88  5:25  Drone  
  88  5:28  Drone x3  
  91  5:30  Drone x2  
  91  5:33  Metabolic Boost  
  91  5:34  Extractor  
  91  5:35  Drone x2  
  94  5:36  Drone  
  94  5:39  Overseer  
  94  5:40  Queen  
  97  5:44  Zerg Melee Weapons Level 1  
  97  5:49  Overlord x2, Zerg Ground Armor Level 1  
  97  5:52  Overlord  
  94  6:00  Drone x3  
  94  6:04  Drone x2  
  98  6:05  Infestation Pit  
  98  6:07  Zergling x12  
  102  6:13  Drone  
  102  6:15  Zergling x10, Roach  
  110  6:21  Drone x2  
  110  6:24  Drone  
  113  6:25  Extractor  
  113  6:27  Drone  
  113  6:33  Drone x2  
  113  6:35  Drone  
  113  6:39  Roach  
  118  6:43  Overlord  
  118  6:44  Roach  
  120  6:47  Hive, Roach x2  
  120  6:48  Roach x2  
  120  6:50  Drone x2  
  120  6:52  Baneling Nest  
  120  6:53  Drone  
  128  6:57  Overlord x2  
  128  6:58  Overlord x4  
  128  6:59  Overlord  
  128  7:06  Hatchery  
  128  7:07  Extractor, Ravager  
  127  7:09  Ravager x5  
  127  7:11  Zergling x4, Roach  
  136  7:16  Zergling x6, Roach x2  
  142  7:25  Zergling x4, Roach  
  142  7:26  Zergling x8, Roach  
  152  7:33  Zergling x8, Roach  
  158  7:40  Zerg Melee Weapons Level 2  
  158  7:44  Roach x7  
  170  7:47  Zerg Ground Armor Level 2  
  155  7:51  Zergling x8  
  141  7:59  Zergling x14, Glial Reconstitution  
  145  8:08  Drone x3  
  145  8:11  Ultralisk Cavern  
  147  8:17  Drone x5  
  152  8:25  Viper  
  152  8:26  Viper  
  158  8:28  Overlord  
  158  8:29  Zergling x12  
  164  8:37  Baneling x8  
  164  8:38  Baneling x3  
  164  8:40  Hatchery  
  164  8:41  Zergling x8  
  167  8:47  Drone  
  167  8:48  Extractor, Adrenal Glands  
  164  8:51  Baneling x2  
  160  8:56  Drone x3  
  160  8:58  Zergling x20  
  168  9:05  Drone  
  168  9:07  Drone x7  
  173  9:13  Zergling x12  
  174  9:19  Centrifugal Hooks  
  170  9:25  Zergling x8, Ultralisk  
  170  9:29  Zergling x2  
  170  9:30  Zergling x6  
  175  9:38  Zergling x6, Ultralisk  
  180  9:43  Zergling x14  
  180  9:45  Baneling  
  184  9:46  Baneling x3  
  184  9:49  Chitinous Plating  
  184  9:52  Ravager x3  
  180  9:56  Zergling x8  
  183  10:01  Zergling x10  
  187  10:11  Zergling x20  
  196  10:18  Overlord  
  196  10:20  Baneling x7  
  195  10:28  Baneling  
  195  10:29  Baneling x6  
  195  10:33  Drone x2  
  195  10:34  Extractor  
  195  10:35  Drone  
  197  10:42  Zergling x14  
  200  10:47  Zerg Ground Armor Level 3  
  200  10:56  Zerg Melee Weapons Level 3  
  199  11:00  Zergling x2  
  199  11:02  Spore Crawler x2  
  195  11:08  Zergling x26, Anabolic Synthesis  
  174  11:19  Zergling x4, Ultralisk  
  174  11:20  Zergling x6  
  174  11:21  Zergling x4  
  174  11:22  Zergling x2  
  174  11:23  Zergling x2  
  174  11:25  Zergling x8  
  180  11:26  Zergling x2  
  180  11:28  Zergling x2  
  180  11:29  Zergling x8  
  180  11:31  Ultralisk  
  180  11:32  Zergling x4  
  183  11:36  Zergling x4  
  183  11:39  Zergling x4  
  184  11:40  Zergling x2  
  172  11:48  Zergling x8  
  158  11:55  Zergling x2  
  142  12:04  Infestor  
  142  12:06  Zergling x2  
  122  12:12  Ultralisk  
  128  12:23  Hatchery  
  127  12:32  Zergling x8  
  131  12:42  Extractor  
  131  12:43  Extractor  
  128  12:47  Zergling x4  
  130  12:54  Ravager  
  130  12:57  Drone  
  132  13:07  Overlord  
  132  13:09  Hatchery  
  132  13:10  Drone x9  
  140  13:17  Roach  
  140  13:19  Overlord  
  137  13:23  Roach  
  139  13:29  Roach  
  139  13:32  Infestor x2  
  145  13:39  Queen  
  145  13:40  Drone  
  145  13:41  Drone  
  148  13:42  Drone  
  148  13:50  Ravager x3  
  148  13:52  Drone x4  
  154  13:58  Zergling x8  
  153  14:07  Ultralisk  
  159  14:11  Zergling x4  
  160  14:22  Zergling x4, Ultralisk  
  168  14:29  Zergling x8  
  168  14:30  Zergling x2  
  173  14:32  Zergling x2  
  173  14:33  Baneling x3  
  173  14:36  Zergling x2  
  175  14:43  Zergling x8  
  175  14:44  Zergling x2  
  174  14:46  Zergling x2  
  174  14:51  Zergling x2  
  174  14:52  Zergling x2  
  166  15:00  Zergling x8  
  166  15:01  Zergling x2  
  166  15:04  Baneling x5  
  163  15:09  Zergling x6  
  163  15:13  Zergling x2  
  160  15:22  Ultralisk  
  160  15:23  Zergling x2  
  160  15:26  Overlord  
  160  15:37  Zergling x2  
  160  15:38  Zergling x6  
  161  15:43  Zergling x4  
Show
View Real Time Build Order
Export as new Build Order

Cure Terran - Winner!

Build Orders: Reaper Expand, Hellion Banshee 

Get SALT Encoding   

  12  0:00  SCV  
  13  0:12  SCV  
  14  0:17  Supply Depot  
  14  0:24  SCV  
  15  0:38  SCV  
  15  0:39  Barracks  
  16  0:43  Refinery  
  16  0:50  SCV  
  17  1:02  SCV  
  18  1:15  SCV  
  19  1:27  Orbital Command, Reaper  
  20  1:38  Command Center  
  20  1:48  Supply Depot  
  20  1:53  SCV  
  21  1:59  Marine  
  22  2:05  SCV  
  23  2:11  Factory  
  23  2:17  SCV  
  25  2:24  Barracks Reactor  
  25  2:29  SCV  
  25  2:41  SCV, Command Center  
  26  2:51  Orbital Command  
  26  2:53  SCV  
  27  3:02  Starport  
  28  3:05  SCV  
  28  3:09  Hellion  
  28  3:11  Hellion  
  32  3:17  SCV  
  32  3:18  Refinery  
  34  3:20  Barracks Tech Lab, SCV  
  34  3:29  SCV  
  34  3:32  SCV, Hellion  
  34  3:34  Hellion  
  40  3:42  SCV  
  40  3:44  SCV  
  40  3:45  Marine, Banshee  
  46  3:53  Orbital Command  
  46  3:54  SCV  
  47  3:56  SCV  
  48  4:02  Cloaking Field  
  48  4:03  Hellion x2  
  48  4:08  Supply Depot  
  48  4:09  SCV x2  
  54  4:11  Barracks Tech Lab  
  54  4:21  SCV x2  
  54  4:22  Orbital Command  
  56  4:28  Banshee  
  59  4:31  Marine  
  59  4:33  SCV x2  
  59  4:35  Supply Depot  
  59  4:37  Barracks  
  62  4:39  Barracks  
  62  4:45  SCV x2, Stimpack  
  63  4:48  Refinery  
  63  4:49  Refinery  
  63  4:50  SCV  
  63  4:51  Marine  
  66  4:54  Factory Reactor  
  66  4:57  SCV x2  
  68  5:01  Engineering Bay  
  68  5:02  SCV, Engineering Bay  
  68  5:04  Supply Depot  
  69  5:07  Supply Depot  
  69  5:09  SCV, Marine  
  69  5:10  SCV  
  72  5:14  SCV  
  73  5:22  SCV x2  
  73  5:26  Barracks x2  
  75  5:33  SCV, Starport Reactor  
  75  5:34  SCV, Terran Infantry Armor Level 1, Terran Infantry Weapons Level 1  
  77  5:39  Supply Depot  
  77  5:40  Marine x5  
  82  5:43  Siege Tank  
  82  5:48  SCV x3  
  88  5:53  Supply Depot  
  88  5:59  Marine x5  
  88  6:02  SCV x3  
  96  6:08  Supply Depot  
  96  6:09  Supply Depot  
  96  6:10  Medivac  
  96  6:11  Medivac  
  100  6:14  SCV  
  100  6:15  SCV x2  
  103  6:20  Marine x5, Barracks Reactor x2  
  103  6:25  Refinery  
  108  6:30  Siege Tank, SCV x3  
  108  6:31  Supply Depot  
  108  6:32  Supply Depot  
  114  6:41  Combat Shield, Marine x5  
  119  6:47  Medivac  
  119  6:48  SCV x3  
  119  6:51  Refinery  
  119  6:53  Medivac  
  126  6:59  Marine x5  
  131  7:04  Armory  
  131  7:05  Factory  
  131  7:09  Siege Tank  
  131  7:11  SCV x2  
  131  7:12  SCV  
  131  7:13  Supply Depot  
  131  7:14  Marine x4  
  141  7:34  Marine x5  
  141  7:35  Marine x3  
  149  7:42  Command Center  
  149  7:43  Marine  
  149  7:48  Medivac x2  
  149  7:50  SCV x2  
  136  7:52  Siege Tank, Marine x6  
  136  7:53  Marine x2  
  129  8:01  Marine  
  129  8:02  Terran Infantry Weapons Level 2, Factory Tech Lab  
  129  8:05  Terran Infantry Armor Level 2  
  127  8:08  SCV  
  127  8:09  SCV x2  
  127  8:10  Marine x6  
  127  8:11  Marine  
  136  8:23  Marine x2  
  136  8:24  Siege Tank  
  141  8:28  Marine x4  
  141  8:29  Siege Tank  
  141  8:31  Marine  
  141  8:33  Terran Vehicle Weapons Level 1  
  149  8:34  Supply Depot  
  149  8:35  Supply Depot  
  149  8:54  SCV x3, Marine x9, Medivac  
  163  8:55  Medivac  
  163  9:01  Planetary Fortress  
  165  9:06  SCV x2  
  161  9:11  Marine x9  
  168  9:29  Marine x9  
  173  9:33  Siege Tank x2  
  173  9:35  Supply Depot  
  173  9:37  Supply Depot, Medivac x2  
  182  9:40  Barracks x2  
  182  9:42  Barracks  
  167  9:47  Marine x9  
  175  10:00  SCV, Command Center  
  175  10:01  SCV x2, Refinery  
  175  10:05  Marine x9  
  182  10:23  Siege Tank x2, Marine x9  
  182  10:24  Viking x2  
  194  10:29  SCV  
  194  10:31  SCV x2, Refinery, Sensor Tower  
  194  10:32  SCV  
  194  10:34  Ghost Academy  
  198  10:36  Barracks Tech Lab x3  
  198  10:37  Terran Infantry Weapons Level 3  
  198  10:40  Terran Infantry Armor Level 3  
  196  10:55  Sensor Tower  
  196  11:02  Liberator  
  196  11:06  Siege Tank x2  
  193  11:16  Marine x4, Marauder x2  
  193  11:17  Liberator  
  193  11:18  Marine x4, Marauder  
  185  11:19  Marauder  
  160  11:33  Marine x4  
  160  11:36  Marine x4  
  145  11:47  Orbital Command  
  145  11:50  Marauder  
  145  11:52  Marine  
  131  11:54  Marine x2  
  131  11:56  Marine  
  131  11:57  Orbital Command, Marine x3, Liberator  
  131  11:58  Marine, Marauder x2  
  131  11:59  Siege Tank, Marauder  
  131  12:00  Siege Tank  
  125  12:08  Medivac  
  119  12:09  Marine  
  119  12:11  Marauder  
  119  12:12  Marine x2  
  119  12:14  Orbital Command  
  117  12:19  Marauder  
  117  12:21  Ghost x2  
  123  12:29  SCV x3  
  126  12:38  Medivac  
  126  12:39  Ghost  
  130  12:49  SCV  
  131  12:59  Supply Depot x3  
  131  13:00  Supply Depot, Ghost  
  131  13:01  SCV x4  
  137  13:07  Missile Turret, Sensor Tower  
  137  13:08  Ghost  
  138  13:20  Ghost  
  138  13:21  Concussive Shells  
  138  13:22  Drilling Claws  
  138  13:24  Terran Vehicle And Ship Armor Level 1  
  140  13:27  SCV  
  140  13:28  SCV x3  
  140  13:31  Supply Depot x2  
  144  13:39  SCV  
  144  13:40  SCV x3  
  148  13:48  Ghost  
  148  13:49  Marine x2, Ghost  
  148  13:50  Marauder  
  148  13:54  Medivac  
  158  13:58  Marine, Marauder  
  158  14:03  Marine x2, Marauder  
  158  14:07  Marine  
  163  14:11  Marauder  
  165  14:31  Marine x4  
  165  14:32  Marauder x2  
  165  14:36  Marine x3, Marauder x2  
  180  14:47  Liberator x2  
  180  14:49  Marine  
  187  15:00  Marine x2  
  187  15:01  Marine x2  
  187  15:11  Marine  
  187  15:12  Marauder  
  187  15:23  Marine, Marauder  
  187  15:31  Marine  
  187  15:32  Marine x3  
  187  15:33  Marauder  
  187  15:34  Marauder  
  185  15:37  Marauder  
  187  15:47  Marine  
  187  15:48  Marine x2  
Tags
 
Add a new tag
Caveats
  • Supply blocks, unpowered buildings, or Contaminate may cause inaccurate times.
  • Supply counts are checked every 10 seconds.